Map: Blackburn LE

Players

DisK

  • Race: Protoss Protoss

MaSa - Winner!

  • Race: Terran Terran

Event: DreamHack SC2 Masters 2021 Fall

VOD

Have the link to the VOD?

Description

Time

  • Played on: Aug. 12, 2021, 3:49 p.m.
  • Length: 9:39

All games in this series

Show
View Real Time Build Order
Export as new Build Order

DisK Protoss 

Build Orders: 1 Gate Expand, Blink Stalkers 

Get SALT Encoding   

  12  0:00  Probe  
  13  0:12  Probe  
  14  0:17  Pylon  
  14  0:24  Probe  
  15  0:35  Gateway  
  15  0:37  Probe (Chrono Boost)  
  16  0:47  Assimilator, Probe (Chrono Boost)  
  17  0:52  Probe (Chrono Boost)  
  18  1:03  Probe  
  19  1:16  Probe  
  20  1:22  Cybernetics Core  
  20  1:33  Nexus  
  20  1:40  Pylon  
  20  1:42  Probe  
  21  1:47  Assimilator  
  21  1:54  Probe  
  21  1:56  Adept (Chrono Boost)  
  21  1:59  Warp Gate  
  24  2:06  Probe  
  25  2:16  Stalker (Chrono Boost)  
  25  2:19  Probe  
  28  2:31  Probe  
  28  2:32  Twilight Council  
  29  2:40  Stalker  
  31  2:46  Probe (Chrono Boost)  
  31  2:50  Probe (Chrono Boost)  
  33  2:56  Probe (Chrono Boost)  
  35  2:59  Probe (Chrono Boost)  
  35  3:01  Gateway, Probe (Chrono Boost)  
  35  3:04  Blink (Chrono Boost)  
  36  3:12  Probe  
  35  3:14  Probe  
  36  3:22  Pylon  
  36  3:24  Probe  
  36  3:26  Probe  
  38  3:30  Robotics Facility  
  38  3:36  Probe  
  38  3:38  Probe  
  40  3:42  Assimilator  
  40  3:46  Assimilator  
  40  3:47  Stalker  
  42  3:49  Probe  
  42  3:50  Probe  
  44  3:56  Stalker  
  44  4:01  Pylon, Probe  
  47  4:03  Probe  
  48  4:10  Stalker  
  48  4:13  Probe  
  48  4:14  Shield Battery  
  48  4:17  Shield Battery  
  50  4:27  Stalker  
  52  4:39  Stalker  
  52  4:40  Immortal  
  52  4:42  Pylon  
  58  4:54  Pylon  
  58  4:58  Gateway  
  58  5:01  Sentry  
  58  5:02  Sentry  
  60  5:21  Gateway  
  58  5:23  Gateway  
  52  5:30  Immortal (Chrono Boost)  
  52  5:32  Stalker x2  
  51  5:53  Probe x2  
  51  5:55  Stalker x3  
  59  6:05  Probe x2  
  55  6:20  Probe x2  
  55  6:23  Charge  
  57  6:29  Nexus  
  57  6:31  Pylon  
  57  6:32  Stalker  
  59  6:40  Stalker  
  59  6:44  Probe x2  
  59  6:54  Observer  
  59  6:56  Probe x2  
  59  6:59  Sentry  
  59  7:00  Sentry x2  
  68  7:01  Robotics Bay  
  68  7:08  Probe x2  
  70  7:16  Shield Battery  
  70  7:17  Observer  
  70  7:20  Probe x2  
  73  7:23  Pylon  
  73  7:30  Observer  
  73  7:32  Zealot x3, Probe  
  73  7:34  Probe  
  73  7:36  Observer  
  81  7:38  Observer  
  81  7:44  Probe  
  81  7:45  Colossus (Chrono Boost), Probe  
  89  7:52  Probe  
  89  7:55  Pylon, Observer  
  89  8:01  Stalker x3  
  95  8:10  Zealot x2  
  99  8:16  Forge  
  99  8:26  Zealot  
  99  8:27  Shield Battery, Zealot x2  
  89  8:48  Stalker x5  
  75  9:02  Disruptor (Chrono Boost)  
  60  9:14  Zealot x4  
  52  9:28  Zealot x3  
Show
View Real Time Build Order
Export as new Build Order

MaSa Terran - Winner!

Build Orders:  

Get SALT Encoding   

  12  0:00  SCV  
  13  0:12  SCV  
  14  0:17  Supply Depot  
  14  0:24  SCV  
  15  0:38  SCV, Barracks  
  16  0:45  Refinery  
  16  0:50  SCV  
  17  1:03  SCV  
  18  1:15  SCV  
  19  1:25  Marine  
  19  1:27  Orbital Command  
  20  1:42  Command Center  
  20  1:44  Barracks Reactor  
  20  1:55  SCV  
  20  1:56  Supply Depot  
  21  2:02  Refinery  
  21  2:07  SCV  
  22  2:19  Factory  
  22  2:20  Marine x2  
  24  2:24  SCV  
  25  2:36  SCV  
  26  2:38  Marine x2  
  28  2:48  SCV  
  29  2:54  Orbital Command  
  29  2:55  Marine  
  29  2:56  Marine  
  31  3:01  SCV  
  31  3:04  Factory Tech Lab  
  32  3:07  Starport  
  32  3:13  SCV  
  32  3:14  Marine x2  
  32  3:19  SCV  
  36  3:25  Siege Tank  
  39  3:29  Supply Depot  
  39  3:30  SCV  
  39  3:32  Marine  
  41  3:35  Marine  
  41  3:37  SCV  
  43  3:43  Medivac  
  43  3:47  SCV  
  46  3:49  Supply Depot  
  46  3:52  Marine  
  46  3:53  Marine  
  46  3:54  SCV  
  49  3:59  SCV, Siege Tank  
  53  4:09  SCV  
  54  4:10  Marine  
  54  4:11  Marine  
  54  4:15  SCV  
  57  4:21  SCV  
  57  4:23  Liberator  
  61  4:25  Supply Depot  
  61  4:26  Barracks  
  61  4:34  SCV  
  60  4:39  Bunker  
  60  4:44  Supply Depot  
  60  4:46  Marine x2  
  60  4:47  SCV, Siege Tank  
  66  5:08  SCV  
  67  5:17  SCV  
  67  5:18  Marine  
  67  5:19  Marine, Liberator  
  67  5:29  Siege Tank  
  67  5:30  SCV, Barracks  
  67  5:31  SCV  
  67  5:33  Barracks Tech Lab  
  67  5:35  Refinery, Barracks  
  71  5:36  Refinery, Marine  
  71  5:41  Engineering Bay  
  71  5:42  SCV  
  67  5:50  SCV  
  67  5:52  Marine  
  67  5:54  Stimpack  
  67  5:55  Marine  
  69  5:58  SCV  
  69  6:02  SCV  
  69  6:03  Marine  
  72  6:10  Marine, SCV  
  68  6:12  Marine  
  68  6:13  Medivac  
  68  6:16  SCV  
  64  6:20  Siege Tank  
  64  6:21  Marauder  
  64  6:22  Marine x2  
  64  6:24  Bunker, SCV  
  68  6:28  Marine  
  68  6:30  Marine  
  68  6:31  Terran Infantry Weapons Level 1  
  70  6:35  SCV  
  70  6:37  Supply Depot  
  70  6:40  SCV  
  70  6:46  Marine, Barracks Tech Lab  
  72  6:47  SCV, Medivac, Marauder  
  72  6:52  Marine, SCV, Supply Depot  
  72  6:53  Marine  
  76  6:56  Missile Turret  
  76  7:00  Siege Tank  
  79  7:04  Marine  
  79  7:07  SCV  
  84  7:08  Combat Shield, Marauder  
  84  7:09  Marauder  
  84  7:13  Marine x2, Supply Depot  
  88  7:17  Medivac  
  88  7:21  Supply Depot  
  88  7:22  Marine  
  90  7:24  Barracks  
  90  7:30  Marauder  
  90  7:31  Marine x2  
  90  7:35  Marauder  
  90  7:36  Supply Depot  
  96  7:40  Marine, Siege Tank  
  100  7:44  Supply Depot  
  100  7:46  Concussive Shells  
  100  7:47  Medivac  
  100  7:49  Marine  
  103  7:53  Marine  
  103  7:54  Marauder  
  106  8:02  SCV x2  
  106  8:03  Marine, Marauder  
  111  8:07  Marine  
  111  8:11  Marine  
  113  8:14  Marine  
  113  8:15  Marauder  
  116  8:26  Marine x2  
  116  8:27  Marine  
  118  8:29  Marine  
  98  8:44  Siege Tank  
  80  8:59  Marine x3, Marauder  
  80  9:11  Marine  
  80  9:12  Marauder  
  80  9:13  SCV  
  80  9:17  Marine x2  

Tags
 
Add a new tag
Caveats
  • Supply blocks, unpowered buildings, or Contaminate may cause inaccurate times.
  • Supply counts are checked every 10 seconds.